[Event "ICC tourney 2545 (5 3)"]
[Site "Internet Chess Club"]
[Date "2021.04.11"]
[Round "8"]
[White "skschess"]
[Black "Casopis"]
[Result "0-1"]
[ICCResult "White checkmated"]
[WhiteElo "1323"]
[BlackElo "1622"]
[Opening "Sicilian: Alapin's variation (2.c3)"]
[ECO "B22"]
[NIC "SI.46"]
[Time "17:06:01"]
[TimeControl "300+3"]

1. e4 c5 2. c3 Nc6 3. d4 cxd4 4. cxd4 d6 5. Nc3 g6 6. d5 Nb8 7. Nf3 Bg7 8.
Bd2 Nf6 9. Be2 O-O 10. O-O a6 11. Be3 b5 12. a3 Nbd7 13. Qc2 Nb6 14. Nd2 Bg4
15. Bxg4 Nxg4 16. Qd1 Nxe3 17. fxe3 Rc8 18. a4 b4 19. Ne2 Bxb2 20. Rb1 Ba3
21. a5 Nc4 22. Nxc4 Rxc4 23. Qd3 Qc7 24. Nd4 Rc3 25. Qd2 Qxa5 26. Nc6 Qb5
27. Nxe7+ Kg7 28. Qd4+ f6 29. Qa7 Rf7 30. g4 h6 31. h4 Qc5 32. Qxc5 Rxc5 33.
Nc6 a5 34. g5 hxg5 35. hxg5 fxg5 36. Rxf7+ Kxf7 37. Nd4 a4 38. Ne6 Rc1+ 39.
Rxc1 Bxc1 40. Nxg5+ Kf6 41. Nh7+ Ke5 42. Nf8 a3 43. Nxg6+ Kxe4 44. Ne7 Bxe3+
45. Kf1 a2 46. Nc6 a1=Q+ 47. Ke2 Qb2+ 48. Kf1 Qf2# {White checkmated} 0-1

[Event "ICC tourney 2545 (5 3)"]
[Site "Internet Chess Club"]
[Date "2021.04.11"]
[Round "8"]
[White "Cramagica"]
[Black "volver"]
[Result "0-1"]
[ICCResult "White checkmated"]
[WhiteElo "1219"]
[BlackElo "1358"]
[Opening "Réti opening"]
[ECO "A06"]
[NIC "QP.09"]
[Time "17:05:13"]
[TimeControl "300+3"]

1. Nf3 d5 2. Nc3 c6 3. e3 Nf6 4. Bd3 Nbd7 5. b4 e5 6. Be2 Bd6 7. a3 O-O 8.
O-O Re8 9. Bb2 Nf8 10. d4 e4 11. Nd2 Bc7 12. f4 exf3 13. Nxf3 Ng6 14. Qd2
Bg4 15. h3 Bf5 16. Rae1 Qd6 17. Na4 Be4 18. c4 Bxf3 19. Bxf3 Qh2+ 20. Kf2
Bg3+ 21. Ke2 Bxe1 22. Rxe1 Ne4 23. cxd5 Nxd2 24. Kxd2 cxd5 25. Bxd5 Qg3 26.
Bf3 Rab8 27. Nc5 b6 28. Nd7 Rbd8 29. Bc6 Re7 30. d5 Rexd7 31. Bxd7 Rxd7 32.
e4 Ne5 33. Bxe5 Qxe5 34. Re2 Qb2+ 35. Kd3 Qxa3+ 36. Kc4 a6 37. e5 Qc1+ 38.
Kd4 Qd1+ 39. Ke3 Qxd5 40. Kf2 Re7 41. g4 Rxe5 42. Rc2 g6 43. Rc8+ Kg7 44.
Kg3 Re3+ 45. Kh4 h6 46. Rb8 Qg5# {White checkmated} 0-1

[Event "ICC tourney 2545 (5 3)"]
[Site "Internet Chess Club"]
[Date "2021.04.11"]
[Round "8"]
[White "RealFuno09"]
[Black "Visam"]
[Result "1-0"]
[ICCResult "Black resigns"]
[WhiteElo "2220"]
[BlackElo "2575"]
[Opening "Ruy Lopez: open, Bernstein variation"]
[ECO "C80"]
[NIC "RL.27"]
[Time "17:06:15"]
[TimeControl "300+3"]

1. e4 e5 2. Nf3 Nc6 3. Bb5 a6 4. Ba4 Nf6 5. O-O Nxe4 6. d4 b5 7. Bb3 d5 8.
dxe5 Be6 9. Nbd2 Nc5 10. c3 Be7 11. Bc2 d4 12. Nb3 d3 13. Bb1 Nxb3 14. axb3
Bf5 15. Re1 O-O 16. Be3 Qd5 17. Bd4 Nxd4 18. Nxd4 Bg6 19. Bxd3 Rfd8 20. Bxg6
fxg6 21. Qc2 c5 22. Nf3 Qe6 23. h3 a5 24. Red1 Rxd1+ 25. Rxd1 Ra7 26. c4
bxc4 27. bxc4 Kf7 28. Qe4 Ra6 29. Qb7 Rb6 30. Ng5+ {Black resigns} 1-0

[Event "ICC tourney 2545 (5 3)"]
[Site "Internet Chess Club"]
[Date "2021.04.11"]
[Round "8"]
[White "shawnchicken"]
[Black "Giallorossi"]
[Result "0-1"]
[ICCResult "White checkmated"]
[WhiteElo "1362"]
[BlackElo "1378"]
[Opening "QGD Slav: Slav gambit"]
[ECO "D15"]
[NIC "SL.03"]
[Time "17:06:20"]
[TimeControl "300+3"]

1. d4 d5 2. c4 c6 3. Nc3 Nf6 4. Nf3 dxc4 5. e4 b5 6. a4 b4 7. Na2 Nxe4 8.
Bxc4 e6 9. O-O Be7 10. Bd2 Nxd2 11. Qxd2 a5 12. Rac1 O-O 13. Ne5 c5 14. Rfd1
cxd4 15. Qxd4 Qxd4 16. Rxd4 Bf6 17. Re4 Bb7 18. Ree1 Rd8 19. Rcd1 Na6 20.
Bxa6 Bxa6 21. Nc6 Rxd1 22. Rxd1 Bc4 23. Nc1 Kf8 24. b3 Bd5 25. Nd4 Rc8 26.
Nce2 g5 27. Nb5 Bxb3 28. Nd6 Bxd1 29. Nxc8 Bxe2 30. f3 Bd4+ 31. Kh1 b3 32.
h3 b2 33. Kh2 Be5+ 34. g3 b1=Q 35. h4 gxh4 36. Kh3 Bxf3 37. Kxh4 Qh1+ 38.
Kg5 Qh5# {White checkmated} 0-1

[Event "ICC tourney 2545 (5 3)"]
[Site "Internet Chess Club"]
[Date "2021.04.11"]
[Round "8"]
[White "sudhirkj"]
[Black "Vision2000"]
[Result "0-1"]
[ICCResult "White checkmated"]
[WhiteElo "1384"]
[BlackElo "1443"]
[Opening "Polish (Sokolsky) opening"]
[ECO "A00"]
[NIC "VO.10"]
[Time "17:06:20"]
[TimeControl "300+3"]

1. b4 e5 2. Bb2 Bxb4 3. Bxe5 Nf6 4. e3 Nc6 5. Bb2 O-O 6. Nf3 d5 7. c4 Bg4 8.
Be2 Re8 9. Ng5 Bxe2 10. Qxe2 h6 11. h4 Ne5 12. cxd5 Qxd5 13. Bxe5 Qxe5 14.
Qd3 Rad8 15. Qb3 Bxd2+ 16. Nxd2 Qxa1+ 17. Nb1 hxg5 18. hxg5 Nd5 19. O-O Qe5
20. Qxb7 Qxg5 21. Qxa7 Re6 22. Nd2 Rg6 23. g3 Nf6 24. Qxc7 Rxd2 25. Kg2 Qd5+
26. Kg1 Rh6 27. f3 Rhh2 28. g4 Rdg2# {White checkmated} 0-1

[Event "ICC tourney 2545 (5 3)"]
[Site "Internet Chess Club"]
[Date "2021.04.11"]
[Round "8"]
[White "A4-H5"]
[Black "Python64"]
[Result "0-1"]
[ICCResult "White checkmated"]
[WhiteElo "1826"]
[BlackElo "1798"]
[Opening "Amar (Paris) opening"]
[ECO "A00"]
[NIC "VO.16"]
[Time "17:05:35"]
[TimeControl "300+3"]

1. Nh3 e5 2. c4 Nc6 3. e3 Nf6 4. d4 d5 5. cxd5 Nxd5 6. Nc3 Bxh3 7. gxh3 Bb4
8. Qd3 O-O 9. e4 exd4 10. exd5 dxc3 11. bxc3 Re8+ 12. Be2 Ne5 13. Qg3 Qxd5
14. O-O Bc5 15. Bf4 Ng6 16. Bf3 Qc4 17. Bxc7 Rac8 18. Ba5 b6 19. Bb4 Bxb4
20. cxb4 Qxb4 21. Bg4 Rc3 22. Qg2 h5 23. Bd7 Re7 24. Qa8+ Kh7 25. Bf5 Qf4
26. Bxg6+ fxg6 27. Qg2 Re5 28. Kh1 Rg5 29. Qb7 Rxh3 30. Qg2 Rxg2 31. Kxg2
Qxh2# {White checkmated} 0-1

[Event "ICC tourney 2545 (5 3)"]
[Site "Internet Chess Club"]
[Date "2021.04.11"]
[Round "8"]
[White "CoachConor"]
[Black "Steepblue"]
[Result "0-1"]
[ICCResult "White resigns"]
[WhiteElo "1050"]
[BlackElo "1394"]
[Opening "French defense"]
[ECO "C00"]
[NIC "FR.01"]
[Time "17:05:52"]
[TimeControl "300+3"]

1. e4 e6 2. g3 d5 3. Nc3 d4 4. Nb5 c6 5. Nf3 cxb5 6. Bxb5+ Nc6 7. d3 a6 8.
Bc4 Bd6 9. Bd2 e5 10. Qe2 f6 11. O-O-O Qe7 12. Bb3 Be6 13. Ba4 b5 14. Bb3
Bxb3 15. cxb3 Rc8 16. Kb1 Bb4 17. Bxb4 Qxb4 18. Rhg1 Nge7 19. Qc2 O-O 20. a3
Qd6 21. g4 Na5 22. b4 Rxc2 23. bxa5 Rxf2 24. Nh4 Rxh2 25. Nf3 Rf2 26. Nh4
Rc8 27. Rgf1 Rxf1 28. Rxf1 Qc5 29. Ka1 Qc2 30. Nf3 Qxd3 31. Ne1 Qxf1
{White resigns}
0-1

[Event "ICC tourney 2545 (5 3)"]
[Site "Internet Chess Club"]
[Date "2021.04.11"]
[Round "8"]
[White "ionplayr"]
[Black "harrisongaro"]
[Result "0-1"]
[ICCResult "White disconnected and forfeits"]
[WhiteElo "1152"]
[BlackElo "1405"]
[Opening "French defense"]
[ECO "C00"]
[NIC "FR.01"]
[Time "17:05:19"]
[TimeControl "300+3"]

1. e4 e6 2. Nc3 Nc6 3. Nf3 f5 4. e5 d6 5. exd6 cxd6 6. d3 e5 7. Be2 d5 8.
Bg5 Be7 9. Bxe7 Ngxe7 10. h3 e4 11. dxe4 fxe4 12. Nh2 Be6 13. Bg4 Nb4 14.
Bxe6 Qb6 15. Bg4 e3 16. f3 O-O 17. Qe2 d4 18. Ne4 Rac8 19. O-O Rxc2 20. Qd1
d3 21. a3 e2+ 22. Kh1 exd1=Q 23. Rfxd1 d2 24. axb4 Rfc8 25. Nxd2 Qxb4 26.
Nhf1 Qxb2 27. Bxc8 Nxc8 28. Rab1 Qd4 29. Rxb7 Nd6 30. Rd7 a5 31. Ne4 Qf2 32.
Rd8+ Kf7 33. Nfd2 Qd4 {White disconnected and forfeits} 0-1

[Event "ICC tourney 2545 (5 3)"]
[Site "Internet Chess Club"]
[Date "2021.04.11"]
[Round "8"]
[White "jps7"]
[Black "Rasalaghe"]
[Result "1-0"]
[ICCResult "Black resigns"]
[WhiteElo "1496"]
[BlackElo "1221"]
[Opening "Modern defense"]
[ECO "A40"]
[NIC "QO.17"]
[Time "17:05:19"]
[TimeControl "300+3"]

1. d4 g6 2. Nf3 Bg7 3. e3 d6 4. Bd3 Nd7 5. h3 Nb6 6. O-O Nf6 7. b3 c5 8. Bb2
Be6 9. c4 a5 10. d5 Bd7 11. Qc2 a4 12. Nbd2 e6 13. e4 e5 14. Bc3 Nc8 15. b4
b6 16. b5 Nh5 17. Nh2 Nf4 18. Ndf3 Nxd3 19. Qxd3 Ne7 20. Nd2 f5 21. f3 O-O
22. exf5 Bxf5 23. Ne4 Qc8 24. Qe2 Qd7 25. g4 Bxe4 26. fxe4 Ra7 27. Nf3 Kh8
28. Ng5 Rf4 29. Ne6 Bh6 30. g5 Rxf1+ 31. Rxf1 Bg7 32. Qf3 Ng8 33. Qg4 h6 34.
gxh6 Bxh6 35. Qxg6 Be3+ 36. Kh1 Qh7 37. Qxh7+ Rxh7 38. Rf3 Bh6 39. Be1 Ne7
40. Bh4 Bd2 41. Bf6+ Kg8 42. Rg3+ Kf7 43. Bg5 Ng6 44. Bxd2 Nf4 45. Ng5+ Kg6
46. Nxh7+ Kxh7 47. Bxf4 exf4 48. Rf3 Kg6 49. Rxf4 Kg5 50. Rf5+ Kh4 51. Kg2
a3 52. Rf4+ Kg5 53. Kg3 Kh5 54. h4 Kg6 55. Kg4 Kh6 56. Rf6+ Kg7 57. Rxd6 Kh7
58. Rxb6 {Black resigns} 1-0

[Event "ICC tourney 2545 (5 3)"]
[Site "Internet Chess Club"]
[Date "2021.04.11"]
[Round "8"]
[White "ser71itmex"]
[Black "sakharov"]
[Result "1-0"]
[ICCResult "Black forfeits on time"]
[WhiteElo "1583"]
[BlackElo "1476"]
[Opening "French: advance variation"]
[ECO "B22"]
[NIC "SI.46"]
[Time "17:06:01"]
[TimeControl "300+3"]

1. e4 c5 2. c3 e6 3. d4 d5 4. e5 Nc6 5. Be3 Nge7 6. Bd3 cxd4 7. Bxd4 Nxd4 8.
cxd4 Nc6 9. Nf3 Be7 10. O-O O-O 11. Nc3 f5 12. exf6 Bxf6 13. Ne2 Qb6 14. Rb1
Kh8 15. Bc2 Nb4 16. Bb3 a5 17. a3 Nc6 18. Bc2 Ne7 19. Ng3 g6 20. Qd2 Nf5 21.
Nxf5 exf5 22. Ne5 Be6 23. Rfe1 Rae8 24. Ba4 Re7 25. Qh6 {Black forfeits on
time} 1-0

[Event "ICC tourney 2545 (5 3)"]
[Site "Internet Chess Club"]
[Date "2021.04.11"]
[Round "8"]
[White "Fraser"]
[Black "mill0"]
[Result "1-0"]
[ICCResult "Black resigns"]
[WhiteElo "1212"]
[BlackElo "1048"]
[Opening "Réti opening"]
[ECO "A04"]
[NIC "QP.11"]
[Time "17:05:28"]
[TimeControl "300+3"]

1. Nf3 d6 2. d4 Nc6 3. e4 e5 4. dxe5 dxe5 5. Qxd8+ Nxd8 6. Nxe5 f6 7. Nf3
Nc6 8. Nc3 Be6 9. a3 O-O-O 10. Bd3 Nge7 11. O-O g5 12. Be3 h6 13. b4 f5 14.
exf5 Nxf5 15. b5 Ncd4 16. Bxf5 Nxf5 17. Bxa7 Bc4 18. Rfe1 b6 19. Ne4 Rd5 20.
a4 h5 21. Nfxg5 Bc5 22. Nxc5 Rxc5 23. Ne4 {Black resigns} 1-0

[Event "ICC tourney 2545 (5 3)"]
[Site "Internet Chess Club"]
[Date "2021.04.11"]
[Round "8"]
[White "vassily1666"]
[Black "MichaelIC"]
[Result "0-1"]
[ICCResult "White resigns"]
[WhiteElo "1657"]
[BlackElo "1610"]
[Opening "French: Winawer, Alekhine gambit, Kan variation"]
[ECO "C15"]
[NIC "FR.08"]
[Time "17:06:00"]
[TimeControl "300+3"]

1. e4 e6 2. d4 d5 3. Nc3 Bb4 4. Ne2 dxe4 5. a3 Bxc3+ 6. Nxc3 Nc6 7. Bb5 Ne7
8. Nxe4 Qd5 9. Nc3 Qxg2 10. Rf1 O-O 11. Be3 e5 12. d5 Rd8 13. Bc4 Nd4 14.
Bxd4 exd4 15. Qxd4 Nf5 16. Qf4 Re8+ 17. Ne2 Nd6 18. O-O-O Re4 19. Rg1 Rxf4
20. Rxg2 Rxc4 21. Rdg1 g6 22. b3 Re4 23. Ng3 Re5 24. c4 Bh3 {White resigns}
0-1

[Event "ICC tourney 2545 (5 3)"]
[Site "Internet Chess Club"]
[Date "2021.04.11"]
[Round "8"]
[White "mansoortJ22"]
[Black "dcole"]
[Result "1-0"]
[ICCResult "Black resigns"]
[WhiteElo "1838"]
[BlackElo "1822"]
[Opening "Queen's pawn game"]
[ECO "A46"]
[NIC "QP.06"]
[Time "17:06:33"]
[TimeControl "300+3"]

1. d4 Nf6 2. Nf3 c5 3. g3 d6 4. Bg2 g6 5. dxc5 Qa5+ 6. Nc3 Qxc5 7. O-O Bg7
8. Bg5 O-O 9. e4 Nc6 10. Qd2 Re8 11. Rad1 Be6 12. Rfe1 Rac8 13. Nd5 Bxd5 14.
exd5 Nb4 15. Be3 Qc4 16. Bf1 Qg4 17. h3 Qxf3 18. Qxb4 Rxc2 19. Qxb7 Ne4 20.
Bg2 Qf5 21. g4 Qe5 22. Bd4 Nc5 23. Qc6 Qf4 24. Qxe8+ Bf8 25. Be3 Qb4 26. Bh6
{Black resigns}
1-0

[Event "ICC tourney 2545 (5 3)"]
[Site "Internet Chess Club"]
[Date "2021.04.11"]
[Round "8"]
[White "pumukel"]
[Black "Colchester"]
[Result "0-1"]
[ICCResult "White resigns"]
[WhiteElo "1587"]
[BlackElo "1641"]
[Opening "Queen's pawn: London system"]
[ECO "A45"]
[NIC "QP.07"]
[Time "17:06:20"]
[TimeControl "300+3"]

1. d4 Nf6 2. Bf4 g6 3. Nc3 Bg7 4. e4 d6 5. Qd2 O-O 6. O-O-O c6 7. f3 Qa5 8.
Kb1 e5 9. dxe5 dxe5 10. Bh6 Be6 11. h4 b5 12. a3 Na6 13. h5 Rad8 14. Qe3
Rxd1+ 15. Nxd1 Rd8 16. Be2 Bxh6 17. Qxh6 Qd2 18. hxg6 Qxd1+ 19. Bxd1 Rxd1+
20. Qc1 Rxc1+ 21. Kxc1 hxg6 22. Ne2 Bc4 23. Nc3 Nc5 24. Rd1 Kf8 25. Rd8+ Ke7
26. Rc8 Kd7 27. Ra8 a6 28. Kd2 Ne8 29. b4 Bf1 30. g4 Nb7 31. Rxa6 Ned6 32.
Ke3 Nc4+ 33. Kf2 Bh3 34. Ra8 f5 35. gxf5 gxf5 36. Rh8 fxe4 37. Rxh3 exf3 38.
Rxf3 Nbd6 39. Rh3 Nxa3 40. Nd1 Nxc2 41. Rh7+ Ke6 42. Ne3 Nxb4 43. Rh6+ Kd7
44. Rh7+ Kc8 45. Ng4 e4 46. Ne5 Nc4 47. Nxc4 bxc4 48. Ke3 c3 49. Kxe4 c2 50.
Rh1 Na2 51. Kd4 c1=Q 52. Rxc1 Nxc1 53. Kc3 Kc7 54. Kc2 Ne2 55. Kd3 Nf4+ 56.
Ke4 Ne6 57. Kd3 Kd6 58. Kc4 c5 59. Kc3 Kd5 60. Kd3 c4+ 61. Kc3 Kc5 62. Kc2
Kb4 63. Kb2 Nc5 64. Kc2 Ne4 65. Kb2 c3+ 66. Kc2 Nf6 67. Kc1 Kb3 68. Kb1 Nd5
69. Kc1 Nb4 70. Kb1 c2+ 71. Kc1 Na2+ 72. Kd2 c1=Q+ {White resigns} 0-1

[Event "ICC tourney 2545 (5 3)"]
[Site "Internet Chess Club"]
[Date "2021.04.11"]
[Round "8"]
[White "IAlwaysWin"]
[Black "willzen89"]
[Result "0-1"]
[ICCResult "White forfeits on time"]
[WhiteElo "1580"]
[BlackElo "1844"]
[Opening "English opening: Agincourt variation"]
[ECO "A13"]
[NIC "QP.09"]
[Time "17:05:22"]
[TimeControl "300+3"]

1. Nf3 d5 2. c4 e6 3. e3 Nf6 4. Nc3 Be7 5. b3 O-O 6. Bb2 c6 7. d4 Nbd7 8.
Be2 Re8 9. O-O b6 10. Rc1 Bb7 11. cxd5 exd5 12. Qd2 Bd6 13. Bd3 Qe7 14. Rfe1
Rad8 15. e4 dxe4 16. Nxe4 Nxe4 17. Bxe4 Qf8 18. Qd3 Nf6 19. Bf5 c5 20. dxc5
Bxc5 21. Qc2 Bxf3 22. gxf3 Bd4 23. Bxd4 Rxd4 24. Rxe8 Qxe8 25. Qc7 g6 26.
Qc3 Qd8 27. Qc8 Kg7 28. Qxd8 Rxd8 29. Be4 Rd2 30. a4 Rb2 31. Rc3 Nh5 32. h4
Nf4 33. Kh2 Ne6 34. Bd5 Nf4 35. Be4 Ne2 36. Rc7 Nd4 37. Bd5 Rxf2+ 38. Kg3
Rb2 39. Rxf7+ Kh6 40. Rxa7 Nf5+ 41. Kf4 Nxh4 42. Bg8 g5+ 43. Kg4 Rg2+ 44.
Kh3 Rf2 45. Bxh7 Rxf3+ 46. Kh2 Rxb3 47. Bg8 Rb4 48. Bd5 Nf5 49. Kh3 g4+ 50.
Kh2 Kg5 {White forfeits on time} 0-1

[Event "ICC tourney 2545 (5 3)"]
[Site "Internet Chess Club"]
[Date "2021.04.11"]
[Round "8"]
[White "doogie"]
[Black "Eagle64"]
[Result "1/2-1/2"]
[ICCResult "Game drawn by mutual agreement"]
[WhiteElo "2284"]
[BlackElo "2569"]
[Opening "Nimzo-Indian: 4.e3, main line with ...b6"]
[ECO "E52"]
[NIC "NI.06"]
[Time "17:05:46"]
[TimeControl "300+3"]

1. d4 Nf6 2. c4 e6 3. Nf3 d5 4. Nc3 Bb4 5. e3 O-O 6. Bd3 b6 7. O-O Ba6 8.
cxd5 exd5 9. Ne5 Bxd3 10. Nxd3 Bd6 11. Nb5 Be7 12. b3 c6 13. Nc3 Nbd7 14.
Bb2 Bd6 15. Rc1 Rc8 16. Qe2 Re8 17. Rc2 Nf8 18. Rfc1 Ng6 19. Nb5 Bb8 20. Nb4
c5 21. dxc5 bxc5 22. Rxc5 Rxc5 23. Rxc5 Nf4 24. Qd1 Ne6 25. Rc1 Ne4 26. Qe2
Qh4 27. g3 Nxg3 28. hxg3 Qxb4 29. Nd4 Nf8 30. Qh5 Qd2 31. Rc2 Qe1+ 32. Kg2
Qb1 33. Qxd5 Be5 34. Qb5 Bxd4 35. Qxe8 Bxb2 36. Rc8 Ba3 37. Rc7 Qf5 38. Rxa7
Bc5 39. Ra4 h5 40. Rc4 Bd6 41. a4 {Game drawn by mutual agreement} 1/2-1/2

[Event "ICC tourney 2545 (5 3)"]
[Site "Internet Chess Club"]
[Date "2021.04.11"]
[Round "8"]
[White "ulff"]
[Black "Bob73"]
[Result "0-1"]
[ICCResult "White resigns"]
[WhiteElo "1805"]
[BlackElo "1760"]
[Opening "Sicilian: Nimzovich-Rossolimo attack (without ...d6)"]
[ECO "B30"]
[NIC "SI.31"]
[Time "17:05:47"]
[TimeControl "300+3"]

1. e4 c5 2. Nf3 Nc6 3. Bb5 d6 4. Bxc6+ bxc6 5. Nc3 e5 6. O-O Be7 7. Re1 Nf6
8. d3 O-O 9. Ne2 Nh5 10. h3 f5 11. exf5 Bxf5 12. Ng3 Nxg3 13. fxg3 Qe8 14.
Kh2 Qg6 15. Nh4 Bxh4 16. gxh4 Be6 17. Be3 Rf7 18. Qe2 Raf8 19. b3 Bd5 20.
Rf1 e4 21. Rxf7 Rxf7 22. Rf1 exd3 23. cxd3 Re7 24. Qf2 Qxg2+ 25. Qxg2 Bxg2
26. Kxg2 Rxe3 27. Rf3 Rxf3 28. Kxf3 Kf7 29. Kf4 Kf6 30. Ke4 Ke6 31. Ke3 Ke5
32. Kf3 Kd4 33. Kf4 Kxd3 34. h5 d5 35. Kg5 c4 36. h6 gxh6+ 37. Kxh6 c3 38.
h4 c2 39. h5 c1=Q+ 40. Kxh7 Qg5 41. h6 c5 42. a4 c4 {White resigns} 0-1

[Event "ICC tourney 2545 (5 3)"]
[Site "Internet Chess Club"]
[Date "2021.04.11"]
[Round "8"]
[White "Z3N"]
[Black "Dingsparov"]
[Result "0-1"]
[ICCResult "White resigns"]
[WhiteElo "1509"]
[BlackElo "1612"]
[Opening "Sicilian: Canal-Sokolsky attack, 3...Bd7"]
[ECO "B52"]
[NIC "SI.01"]
[Time "17:05:40"]
[TimeControl "300+3"]

1. e4 c5 2. Nf3 d6 3. Bb5+ Bd7 4. Bxd7+ Nxd7 5. c3 Ngf6 6. Qe2 e6 7. d4 cxd4
8. cxd4 Be7 9. O-O a6 10. Nc3 O-O 11. h3 Rc8 12. Bf4 b5 13. a3 Nb6 14. d5
exd5 15. Rfd1 dxe4 16. Nxe4 Nxe4 17. Qxe4 d5 18. Qd3 Bf6 19. Nd4 Rc4 20. Be3
Re8 21. b3 Rc8 22. Rac1 Nd7 23. Nc6 Rxc6 24. Rxc6 Ne5 25. Qc2 Nxc6 26. Qxc6
d4 27. Qxa6 Qd5 28. Bf4 Qxb3 29. Rc1 d3 30. Qc6 Rf8 31. Bd6 d2 32. Bxf8
d1=Q+ 33. Rxd1 Qxd1+ 34. Kh2 Be5+ 35. g3 Kxf8 36. Qxb5 Qd4 37. Qe2 Bd6 38.
Qf3 Bc5 39. Kg2 f6 40. Qb7 Qxf2+ {White resigns} 0-1

[Event "ICC tourney 2545 (5 3)"]
[Site "Internet Chess Club"]
[Date "2021.04.11"]
[Round "8"]
[White "ren"]
[Black "marioseixas1992"]
[Result "0-1"]
[ICCResult "White checkmated"]
[WhiteElo "1229"]
[BlackElo "1320"]
[Opening "Queen's pawn: London system"]
[ECO "A45"]
[NIC "QP.07"]
[Time "17:05:28"]
[TimeControl "300+3"]

1. d4 Nf6 2. Bf4 g6 3. e3 Bg7 4. Nf3 Nh5 5. Bg3 Nxg3 6. hxg3 b6 7. Bd3 Bb7
8. Nbd2 d6 9. c3 Nd7 10. Qc2 c5 11. O-O-O Qc7 12. Ng5 h6 13. Nxf7 Kxf7 14.
Bxg6+ Kf8 15. Qf5+ Nf6 16. Qe6 Bd5 17. Qf5 cxd4 18. exd4 Bxg2 19. Rh4 Qc6
20. f3 e5 21. Ne4 Ke7 22. d5 Qb5 23. Qe6+ Kd8 24. Qxd6+ Nd7 25. Bf5 Bxf3 26.
Qxd7+ Qxd7 27. Bxd7 Kxd7 28. Rf1 Bxe4 29. Rxe4 Rhg8 30. Rf7+ Kd6 31. c4 b5
32. b3 b4 33. Rg4 Rgf8 34. Rgxg7 Kc5 35. Rc7+ Kd4 36. Rg4+ Kc3 37. Kd1 Rf1+
38. Ke2 Raf8 39. Ke3 Re1# {White checkmated} 0-1

[Event "ICC tourney 2545 (5 3)"]
[Site "Internet Chess Club"]
[Date "2021.04.11"]
[Round "8"]
[White "Finlidor"]
[Black "ericbuen"]
[Result "1-0"]
[ICCResult "Black resigns"]
[WhiteElo "2091"]
[BlackElo "1661"]
[Opening "French defense"]
[ECO "C01"]
[NIC "FR.01"]
[Time "17:06:15"]
[TimeControl "300+3"]

1. e4 e6 2. d4 b6 3. Nc3 Bb7 4. Bd3 Nf6 5. Nge2 d5 6. e5 Nfd7 7. O-O c5 8.
f4 c4 9. f5 cxd3 10. Qxd3 Nc6 11. fxe6 fxe6 12. Nf4 Qe7 13. Nb5 O-O-O 14.
Nd6+ Kb8 15. c3 g6 16. a4 Bh6 17. Nxd5 exd5 18. Bxh6 Ncxe5 19. dxe5 Nxe5 20.
Qg3 Rxd6 21. Bf4 Re6 22. Rae1 Re8 23. Rxe5 Rxe5 24. Re1 Kc8 25. Rxe5 Qc5+
26. Be3 Qf8 27. Bf4 Ba6 28. Qg4+ Kb7 29. Qd7+ Ka8 30. Rxe8+ {Black resigns}
1-0

[Event "ICC tourney 2545 (5 3)"]
[Site "Internet Chess Club"]
[Date "2021.04.11"]
[Round "8"]
[White "infacant"]
[Black "habibo"]
[Result "0-1"]
[ICCResult "White resigns"]
[WhiteElo "1288"]
[BlackElo "1533"]
[Opening "French defense"]
[ECO "C00"]
[NIC "FR.01"]
[Time "17:05:26"]
[TimeControl "300+3"]

1. e4 e6 2. Nf3 d5 3. exd5 exd5 4. d4 Bd6 5. Nc3 c6 6. g3 Nf6 7. Bg2 O-O 8.
O-O Re8 9. Bg5 Na6 10. a3 h6 11. Be3 Ng4 12. Re1 Bf5 13. Qd2 Nxe3 14. Rxe3
Qb6 15. b4 Rxe3 16. fxe3 Nc7 17. Re1 a5 18. bxa5 Qxa5 19. a4 Bb4 20. Rb1
Bxc3 21. Qf2 Bc8 22. Ne5 f6 23. Ng6 Bb4 24. e4 Qxa4 25. e5 Kh7 26. exf6 Kxg6
27. f7 Bf8 28. Bf1 Bf5 29. g4 Bxc2 30. Rxb7 Ne6 31. Rb6 Be4 32. h4 Nxd4 33.
Bg2 Qd1+ 34. Kh2 Bd6+ 35. Kh3 Ra3+ {White resigns} 0-1

[Event "ICC tourney 2545 (5 3)"]
[Site "Internet Chess Club"]
[Date "2021.04.11"]
[Round "8"]
[White "Hunab"]
[Black "dwmt"]
[Result "1-0"]
[ICCResult "Black checkmated"]
[WhiteElo "1469"]
[BlackElo "1059"]
[Opening "English opening"]
[ECO "A21"]
[NIC "EO.22"]
[Time "17:06:20"]
[TimeControl "300+3"]

1. c4 e5 2. Nc3 d6 3. g3 Nf6 4. Bg2 g6 5. e4 Bg7 6. Nge2 Nbd7 7. O-O O-O 8.
d3 b6 9. h3 Bb7 10. Be3 a5 11. Qd2 a4 12. f4 exf4 13. gxf4 a3 14. b3 c5 15.
Kh2 h5 16. Rad1 Nh7 17. d4 Qh4 18. Bf2 Qd8 19. Nb5 Ndf6 20. d5 Re8 21. Nec3
Ba6 22. Rde1 Bxb5 23. Nxb5 Re7 24. Bh4 Qd7 25. e5 dxe5 26. fxe5 Ng4+ 27.
hxg4 Qxg4 28. Bxe7 Re8 29. d6 h4 30. Qf2 Ng5 31. Bxg5 Qxg5 32. Qxf7+ Kh7 33.
Qxe8 Qg3+ 34. Kh1 h3 35. Re2 hxg2+ 36. Rxg2 Qh3+ 37. Kg1 Qe3+ 38. Kh1 Bxe5
39. Rf7+ Kh6 40. Qf8+ Kh5 41. Rh7+ Qh6 42. Qxh6# {Black checkmated} 1-0

[Event "ICC tourney 2545 (5 3)"]
[Site "Internet Chess Club"]
[Date "2021.04.11"]
[Round "8"]
[White "cornfed"]
[Black "KingSack"]
[Result "1/2-1/2"]
[ICCResult "Game drawn by repetition"]
[WhiteElo "1786"]
[BlackElo "1524"]
[Opening "Réti: advance variation"]
[ECO "A09"]
[NIC "QP.09"]
[Time "17:06:00"]
[TimeControl "300+3"]

1. Nf3 d5 2. c4 d4 3. d3 Nc6 4. g3 e5 5. Bg2 Be6 6. O-O Qd7 7. a3 Bh3 8. b4
Bxg2 9. Kxg2 f6 10. b5 Nce7 11. e3 dxe3 12. Bxe3 O-O-O 13. Nc3 Qxd3 14. Qa4
Qxc3 15. Qxa7 Qxc4 16. Qa8+ Kd7 17. Rfd1+ Nd5 18. Qxb7 Bd6 19. Qxd5 Qxd5 20.
Rxd5 Ne7 21. Rdd1 Ke6 22. a4 Nd5 23. Bd2 Rb8 24. Ne1 Rb7 25. Nd3 g5 26. Rdc1
Rb6 27. Nc5+ Bxc5 28. Rxc5 Kd6 29. Rac1 Rhb8 30. R1c2 h6 31. Bc1 Nb4 32.
R2c3 Na2 33. Rc2 Nxc1 34. Rxc1 Ra8 35. Rxc7 Rxa4 36. R1c6+ Rxc6 37. Rxc6+
Ke7 38. Kf3 h5 39. h3 f5 40. Rh6 g4+ 41. hxg4 hxg4+ 42. Ke3 Ra3+ 43. Ke2 Rb3
44. b6 Kd7 45. Rf6 Rf3 46. Rf7+ Kc8 47. b7+ Kb8 48. Re7 f4 49. gxf4 exf4 50.
Rg7 Rb3 51. Rxg4 f3+ 52. Ke1 Kxb7 53. Re4 Kc6 54. Re3 Rb1+ 55. Kd2 Rb2+ 56.
Ke1 Rb1+ 57. Kd2 Rb2+ 58. Ke1 Rb1+ 59. Kd2 Rb2+ {Game drawn by repetition}
1/2-1/2

[Event "ICC tourney 2545 (5 3)"]
[Site "Internet Chess Club"]
[Date "2021.04.11"]
[Round "8"]
[White "Toya"]
[Black "kdbel"]
[Result "0-1"]
[ICCResult "White checkmated"]
[WhiteElo "1405"]
[BlackElo "1578"]
[Opening "French: advance variation"]
[ECO "C02"]
[NIC "FR.03"]
[Time "17:05:30"]
[TimeControl "300+3"]

1. e4 e6 2. d4 d5 3. e5 c5 4. c3 Nc6 5. f4 Qb6 6. Nf3 f6 7. Be2 Bd7 8. O-O
Be7 9. Na3 a6 10. Nc2 O-O-O 11. a4 Na5 12. b4 cxb4 13. cxb4 Nb3 14. Ra2 Nxc1
15. Qxc1 Kb8 16. b5 a5 17. Qd2 Rc8 18. Ne3 Nh6 19. h3 Nf7 20. Rc1 Bb4 21.
Rxc8+ Rxc8 22. Qd3 Rc3 23. Qxh7 Rxe3 24. Qxg7 Be8 25. Qxf6 Rc3 26. Kh2 Rc7
27. Ng5 Be7 28. Qxe6 Qxd4 29. Nxf7 Qxf4+ 30. Kg1 Rc1+ 31. Bf1 Rxf1#
{White checkmated}
0-1